Map: Simulacrum LE

Players

HateMe

  • Race: Zerg Zerg
  • Spawn Location: 5:00

Kelazhur - Winner!

  • Race: Terran Terran
  • Spawn Location: 11:00

Event: IEM Katowice 2020

VOD

Have the link to the VOD?

Description

Time

  • Played on: Feb. 25, 2020, 12:25 p.m.
  • Length: 10:39

All games in this series

Show
View Real Time Build Order
Export as new Build Order

HateMe Zerg 

Build Orders: Hatch First 

Get SALT Encoding   

  12  0:00  Drone  
  13  0:12  Overlord  
  13  0:17  Drone  
  14  0:31  Drone x2  
  16  0:48  Hatchery  
  15  0:51  Drone  
  15  0:55  Drone  
  17  0:59  Drone  
  18  1:08  Extractor  
  17  1:14  Spawning Pool  
  17  1:16  Drone  
  17  1:20  Drone  
  18  1:28  Drone  
  19  1:39  Drone  
  20  1:51  Overlord  
  20  2:00  Queen x2  
  24  2:01  Zergling x4  
  26  2:11  Drone x2  
  26  2:12  Metabolic Boost  
  28  2:22  Drone x2  
  30  2:39  Hatchery  
  30  2:40  Drone  
  30  2:48  Queen  
  32  2:59  Zergling x6  
  32  3:01  Queen  
  36  3:14  Overlord  
  35  3:20  Zergling x2  
  35  3:24  Zergling x2  
  35  3:26  Overlord  
  35  3:32  Zergling x2  
  35  3:33  Zergling x6  
  33  3:45  Zergling x8  
  37  3:51  Queen  
  39  3:58  Zergling x4  
  39  4:01  Drone  
  39  4:02  Drone x2  
  43  4:05  Drone  
  42  4:17  Overlord  
  42  4:18  Drone x3  
  42  4:23  Zergling x2  
  42  4:24  Zergling x4  
  48  4:32  Overlord  
  48  4:37  Drone x4  
  48  4:38  Drone  
  53  4:46  Drone x4  
  53  4:51  Evolution Chamber  
  53  4:52  Zergling x4  
  58  5:01  Queen  
  58  5:05  Overlord  
  58  5:07  Drone x2  
  62  5:08  Drone  
  62  5:10  Drone  
  62  5:11  Drone  
  65  5:15  Drone  
  65  5:16  Drone x2  
  68  5:23  Drone x4  
  68  5:27  Zerg Ground Armor Level 1  
  72  5:32  Drone  
  72  5:35  Spore Crawler  
  69  5:36  Spore Crawler  
  69  5:37  Spore Crawler  
  69  5:38  Drone  
  69  5:39  Drone  
  68  5:44  Lair  
  68  5:46  Drone  
  68  5:47  Drone  
  68  5:48  Evolution Chamber  
  69  5:50  Drone  
  69  5:56  Drone x5  
  75  5:57  Drone  
  75  6:02  Drone  
  75  6:03  Drone  
  75  6:04  Baneling Nest  
  77  6:06  Queen  
  77  6:11  Queen  
  79  6:15  Extractor  
  79  6:16  Extractor  
  79  6:17  Drone x2  
  79  6:18  Extractor, Drone  
  81  6:19  Extractor  
  81  6:20  Extractor  
  81  6:24  Drone x3  
  81  6:26  Zerg Melee Weapons Level 1  
  81  6:28  Overlord x2  
  79  6:33  Drone x2  
  79  6:35  Drone  
  81  6:45  Overlord x2  
  81  6:46  Overlord  
  81  6:47  Drone x5  
  81  6:51  Centrifical Hooks  
  81  6:53  Overseer  
  84  7:00  Drone x4  
  88  7:04  Baneling x7  
  88  7:07  Zergling x4  
  90  7:09  Zergling x2  
  90  7:15  Zergling x10  
  96  7:26  Drone x3  
  96  7:27  Drone  
  100  7:34  Overlord  
  100  7:35  Zergling x6  
  100  7:36  Hydralisk Den  
  100  7:45  Zergling x12  
  100  7:46  Zergling x2  
  107  7:51  Hatchery  
  107  7:53  Overlord x2  
  107  7:57  Zergling x8  
  109  8:00  Zerg Ground Armor Level 2  
  109  8:01  Zergling x2  
  108  8:06  Zergling x10  
  113  8:15  Zergling x8  
  109  8:26  Hydralisk x5  
  117  8:36  Overlord x2  
  117  8:38  Muscular Augments  
  115  8:43  Hydralisk x2  
  119  8:53  Hydralisk x4  
  117  8:56  Zergling x6  
  118  9:07  Zergling x16  
  125  9:12  Overlord x2  
  124  9:20  Zergling x14  
  122  9:32  Hydralisk x3  
  122  9:34  Hydralisk  
  129  9:44  Zergling x16  
  135  9:48  Baneling  
  135  9:49  Baneling x8  
  135  9:53  Zergling x6  
  135  9:58  Zergling x10  
  133  10:02  Zergling x2  
  134  10:07  Zergling x14  
  130  10:21  Zergling x12  
  130  10:22  Zergling x4  
Show
View Real Time Build Order
Export as new Build Order

Kelazhur Terran - Winner!

Build Orders:  

Get SALT Encoding   

  12  0:00  SCV  
  13  0:13  SCV  
  14  0:20  Supply Depot  
  14  0:25  SCV  
  15  0:42  SCV  
  16  0:43  Barracks  
  16  0:45  Refinery  
  16  0:54  SCV  
  17  1:00  Barracks  
  17  1:06  SCV  
  18  1:18  SCV  
  19  1:30  Orbital Command, Reaper  
  20  1:32  Supply Depot  
  20  1:47  Reaper  
  21  1:56  SCV  
  22  2:05  Reaper  
  22  2:08  SCV  
  24  2:12  Command Center  
  24  2:18  Refinery  
  24  2:20  SCV  
  25  2:23  Reaper  
  26  2:35  SCV  
  27  2:43  Reaper  
  28  2:58  Reaper  
  29  3:06  SCV  
  29  3:08  Supply Depot, Command Center  
  30  3:17  Factory  
  30  3:18  SCV  
  30  3:29  Orbital Command, Reaper  
  30  3:30  SCV  
  31  3:45  SCV, Reaper  
  33  4:02  Marine  
  33  4:05  SCV, Starport  
  34  4:12  SCV  
  34  4:15  Factory Tech Lab  
  34  4:17  Marine  
  34  4:18  SCV  
  34  4:22  Orbital Command  
  36  4:24  SCV  
  36  4:25  Barracks  
  36  4:26  Refinery  
  36  4:27  Refinery  
  36  4:30  SCV  
  36  4:31  Marine  
  39  4:34  Marine  
  39  4:36  SCV  
  41  4:42  SCV  
  42  4:48  Cloaking Field, SCV  
  42  4:49  SCV, Banshee  
  47  4:54  SCV  
  48  5:00  SCV  
  48  5:01  SCV, Barracks Reactor, Barracks Tech Lab  
  48  5:06  SCV  
  51  5:10  Factory Reactor  
  51  5:13  SCV, Engineering Bay x2  
  51  5:14  SCV  
  53  5:18  SCV  
  54  5:22  Barracks Reactor  
  54  5:23  Marine  
  54  5:24  Stimpack  
  54  5:25  SCV  
  54  5:26  SCV  
  57  5:30  SCV  
  57  5:31  Banshee  
  61  5:37  SCV  
  61  5:39  SCV  
  61  5:40  Terran Infantry Weapons Level 1, Terran Infantry Armor Level 1  
  61  5:41  Marine x3  
  62  5:49  Supply Depot  
  62  5:52  SCV x2, Barracks x2  
  62  5:54  Widow Mine x2  
  62  5:55  Orbital Command  
  69  5:59  Supply Depot  
  69  6:02  Marine  
  69  6:10  Marine x4, SCV  
  69  6:11  SCV  
  75  6:13  Supply Depot  
  75  6:21  Marine  
  75  6:23  SCV x3  
  79  6:27  Siege Tank  
  79  6:28  Marine x3  
  85  6:35  SCV, Medivac x2  
  85  6:37  SCV x2, Supply Depot  
  85  6:38  Supply Depot  
  92  6:41  Barracks Reactor x2, Armory  
  92  6:42  Marine, Supply Depot  
  93  6:53  Marine x2, SCV  
  93  6:58  Marine, SCV x2  
  98  7:01  Marauder  
  98  7:03  Marine  
  98  7:04  Combat Shield  
  98  7:05  Supply Depot x2  
  98  7:06  SCV  
  100  7:10  SCV x2  
  100  7:11  Marine  
  100  7:12  Marine  
  100  7:15  Medivac x2  
  107  7:16  Marine  
  107  7:18  SCV  
  107  7:21  Marine x3  
  107  7:22  Marine x3  
  115  7:23  SCV x2  
  115  7:27  Siege Tank  
  115  7:29  Marine  
  120  7:30  SCV  
  120  7:31  Supply Depot  
  120  7:36  Marine x2  
  124  7:39  Marine  
  124  7:40  Supply Depot  
  124  7:47  Marine x5, Marauder  
  124  7:49  Barracks  
  124  7:50  Barracks x2  
  131  7:53  Marine  
  131  7:56  Medivac x2, Terran Infantry Weapons Level 2  
  136  8:03  Terran Infantry Armor Level 2  
  136  8:04  Marine x2  
  136  8:05  Marine  
  138  8:10  Marine x2, Supply Depot  
  138  8:11  Supply Depot x2  
  136  8:21  Marine  
  136  8:22  Marauder  
  136  8:26  Medivac  
  141  8:27  Siege Tank  
  141  8:29  Command Center  
  141  8:33  Marine x5  
  146  8:44  Drilling Claws  
  146  8:45  Marine, Marauder  
  146  8:46  Medivac  
  151  8:53  Marine  
  151  8:54  Marine x5  
  151  8:55  Marine  
  154  9:03  Medivac  
  154  9:07  Marine  
  154  9:08  Marauder  
  159  9:12  Marine x10  
  159  9:16  Medivac  
  171  9:18  Supply Depot  
  168  9:25  Marine  
  168  9:29  Marine  
  168  9:30  Marine x3  
  173  9:33  Medivac  
  173  9:37  Marine  
  173  9:42  Supply Depot  
  172  9:46  Medivac  
  172  9:47  Marauder  
  172  9:50  Marine x8  
  186  9:55  Marine  
  185  10:08  Marine x3  
  185  10:09  Marauder  
  185  10:14  Marine x6  

Tags
 
Add a new tag
Caveats
  • Supply blocks, unpowered buildings, or Contaminate may cause inaccurate times.
  • Supply counts are checked every 10 seconds.